[Event "Polish Ekstraliga 2024"]
[Site "Walbrzych"]
[Date "2024.10.08"]
[Round "2.16"]
[White "Koziorowicz, Michal"]
[Black "Krzyzanowski, Marcin"]
[Result "0-1"]
[ECO "C44"]
[WhiteElo "2289"]
[BlackElo "2509"]
[Annotator "TA"]
[PlyCount "118"]
[EventDate "2024.10.05"]
[EventType "team-tourn"]
[EventCountry "POL"]
[SourceTitle "playchess.com"]
[Source "ChessBase"]
[SourceQuality "1"]
[WhiteTeam "Gorzow Wlkp"]
[BlackTeam "Raciborz"]
[TimeControl "40/5400+30:1800+30"]

1. e4 e5 2. Nf3 Nc6 3. Bc4 Nf6 4. d4 exd4 5. e5 Ng4 6. O-O {[%emt 0:11:15] Threatens to win with h3.} Be7 (6... Ngxe5 $2 7. Nxe5 Nxe5 8. Re1 $18) 7. Re1 d6 $1 8. e6 (8. exd6 $11 cxd6 9. Bg5 (9. Nxd4 d5 $11)) 8... fxe6 $1 $17 {Black is better.} 9. Nxd4 Nxd4 10. Qxg4 Bf6 ({Black should try} 10... Nxc2 11. Rxe6 (11. Qxg7 $2 Bf6 $19) 11... Bxe6 (11... Nxa1 12. Qh5+ Kd7 13. Qh3 $11) 12. Bxe6 Bf6 (12... Nxa1 $2 13. Qh5+ g6 14. Qb5+ c6 15. Qxb7 $19) 13. Qa4+ Ke7 14. Qxc2 Kxe6) 11. Na3 (11. c3 $2 Nc2 12. Qh5+ g6 $19) 11... O-O 12. Be3 {[%emt 0:01:38] [#]} Kh8 $1 13. Bxd4 e5 14. Qe4 (14. Be6 $17 exd4 15. Bxc8 Qxc8 16. Qxc8 Raxc8 (16... Rfxc8 17. Rad1 $17) 17. Rad1) 14... exd4 $19 15. Nb5 Be5 {[%emt 0:05:40] ...c6 would now be deadly.} 16. g3 (16. Bd3 $17 g6 17. Na3) 16... Bf5 17. Qxb7 Bxc2 {[%emt 0:10:53] ...Rb8 is the strong threat.} 18. Qd5 $2 {[%emt 0:06:12] [#]} (18. f4 Bf6 19. Nxc7) 18... c6 $1 19. Qxc6 Rc8 (19... d3 20. Qe4 Qb6 (20... Bxb2 $2 21. Rad1 $19) 21. Re3 Bxb2 22. Rf1) 20. Qd5 Rc5 21. Rxe5 Rxd5 22. Rxd5 Qf6 23. Rf1 {[%emt 0:00:55] [#]} Be4 $1 {[%emt 0:02:25] ( -> ...Qf3)} 24. Rxd4 Qf3 25. Rxe4 Qxe4 26. Nxd6 Qf3 27. h4 (27. Bb3 $142) 27... g6 ({But not} 27... Qf6 28. Nb5 $19) 28. b3 (28. Nb5 {was called for.}) 28... a5 (28... a6 $142 29. a4 Rf6) 29. Nb5 Rd8 {[%emt 0:01:18] Inhibits Nd4. aiming for ...Rd7.} 30. Nc7 Rd2 31. a4 h6 32. Ne6 {[%emt 0:00:24] Prevents g5.} Kh7 33. Nf4 g5 34. Ng2 Kg7 35. Ne1 Qf6 36. Ng2 Kf8 37. hxg5 (37. Bb5 $142) 37... hxg5 38. Ne3 Qf3 39. Be6 Rd6 40. Bh3 Qb7 41. Rc1 Rd3 ({Black should play} 41... Qxb3 $19 42. Rc8+ Kf7 43. Rc7+ Ke8 44. Rc8+ Rd8) 42. Rc5 $2 {[%emt 0:02:27] [#] Loses the game.} (42. Be6 $17) 42... Rxe3 $1 43. fxe3 Qxb3 {[%emt 0:00:06][%mdl 4096] Endgame. KQ-KRB} 44. Kf2 Qxa4 45. Rxg5 Qc2+ 46. Kf3 Qc6+ (46... a4 $2 47. Be6 $19) 47. Kf4 Qd6+ 48. Ke4 (48. Kg4 $142 Qe6+ (48... a4 $2 49. Bg2 $19) 49. Rf5+ Kg7 50. Kf3 Qc6+ 51. e4) 48... a4 49. Re5 Kg7 50. Rg5+ (50. Bf1 $142 Qb4+ 51. Kd5) 50... Kf6 51. Rf5+ Kg6 {[%emt 0:00:07][%cal Oa4a3] Hoping for ...a3!} 52. Re5 Qb4+ {[%emt 0:00:08] Black mates.} 53. Kf3 a3 54. Re6+ Kg7 55. Bf1 a2 56. Ra6 Qb7+ 57. Kf4 Qf7+ 58. Kg5 Qxf1 59. Ra7+ {[%emt 0:00:03] [#]} Qf7 $3 {[%emt 0:00:06][%mdl 512] Weighted Error Value: White=0.45/Black=0.16 (very precise) .  Loses game:     	White=1     	---        Mistake:       	White=9     	Black=3      Inaccurate:     	White=1     	Black=2      OK:         	White=19    	Black=22     Best:        	White=8     	Black=4      Strong:       	---       	Black=3      Brilliant:      	---       	Black=1} 0-1

[Event "Polish Ekstraliga 2024"]
[Site "Walbrzych"]
[Date "2024.10.08"]
[Round "2.17"]
[White "Jakubowski, Krzysztof"]
[Black "Rog, Bartlomiej"]
[Result "1-0"]
[ECO "A20"]
[WhiteElo "2443"]
[BlackElo "2257"]
[Annotator "RC"]
[PlyCount "57"]
[EventDate "2024.10.05"]
[EventType "team-tourn"]
[EventCountry "POL"]
[SourceTitle "playchess.com"]
[Source "ChessBase"]
[SourceQuality "1"]
[WhiteTeam "Raciborz"]
[BlackTeam "Gorzow Wlkp"]
[TimeControl "40/5400+30:1800+30"]

1. c4 e5 2. e3 Nf6 3. Nc3 Bb4 4. Nge2 O-O 5. a3 Bxc3 6. Nxc3 Re8 7. Be2 Nc6 8. O-O d5 9. cxd5 Nxd5 10. Qc2 Nxc3 11. Qxc3 Qh4 12. b4 Re6 13. g3 Qh3 14. f3 Rg6 15. Rf2 a6 16. a4 Qe6 17. Bb2 Bd7 18. b5 axb5 19. axb5 Rxa1+ 20. Bxa1 Na7 21. Qxc7 Nxb5 22. Qxb7 Nd6 23. Qb8+ Be8 24. Bd3 Rg5 25. Bc3 e4 26. fxe4 h5 27. e5 Nc8 28. Rf4 Rg4 29. Bf5 1-0

[Event "Polish Ekstraliga 2024"]
[Site "Walbrzych"]
[Date "2024.10.08"]
[Round "2.18"]
[White "Siekanska, Maria"]
[Black "Narva, Mai"]
[Result "0-1"]
[ECO "A62"]
[WhiteElo "2149"]
[BlackElo "2415"]
[Annotator "RC"]
[PlyCount "70"]
[EventDate "2024.10.05"]
[EventType "team-tourn"]
[EventCountry "POL"]
[SourceTitle "playchess.com"]
[Source "ChessBase"]
[SourceQuality "1"]
[WhiteTeam "Gorzow Wlkp"]
[BlackTeam "Raciborz"]
[TimeControl "40/5400+30:1800+30"]

1. d4 Nf6 2. c4 e6 3. g3 c5 4. d5 exd5 5. cxd5 d6 6. Nc3 g6 7. Bg2 Bg7 8. Nf3 O-O 9. O-O Re8 10. Re1 a6 11. a4 Nbd7 12. Bf4 Qc7 13. h3 Rb8 14. e4 Nh5 15. Bd2 b5 16. axb5 axb5 17. Bf1 b4 18. Nb5 Qb6 19. g4 Nhf6 20. Qc2 Bb7 21. Bf4 Ne5 22. Nd2 Nfd7 23. Bxe5 Nxe5 24. f4 c4+ 25. Kh1 Nd3 26. Bxd3 cxd3 27. Qa4 Qf2 28. Qxb4 Bxd5 29. Rf1 Rxe4 30. Nxe4 Rxb5 31. Rxf2 Rxb4 32. Kh2 Bxe4 33. Re1 Rxb2 34. Kg3 Rxf2 35. Kxf2 Bd4+ 0-1

[Event "Polish Ekstraliga 2024"]
[Site "Walbrzych"]
[Date "2024.10.08"]
[Round "2.19"]
[White "Ponomariov, Ruslan"]
[Black "Sabuk, Piotr"]
[Result "1/2-1/2"]
[ECO "C55"]
[WhiteElo "2655"]
[BlackElo "2402"]
[Annotator "TA"]
[PlyCount "63"]
[EventDate "2024.10.05"]
[EventType "team-tourn"]
[EventCountry "POL"]
[SourceTitle "playchess.com"]
[Source "ChessBase"]
[SourceQuality "1"]
[WhiteTeam "Katowice"]
[BlackTeam "Wisznia Mala"]
[TimeControl "40/5400+30:1800+30"]

1. e4 e5 2. Nf3 Nc6 3. Bc4 Nf6 4. d3 Be7 5. Nc3 d6 6. a3 O-O 7. Be3 Be6 8. Ng5 (8. Nd5 $11) 8... d5 (8... Bg4 $15 9. Qd2 Nd4) 9. exd5 $11 Bxd5 10. Nxd5 Nxd5 11. h4 Nxe3 12. fxe3 {[%emt 0:00:30] [#] Droht Qh5 und aus.} Bxg5 13. hxg5 Qxg5 14. Qf3 g6 15. O-O-O h5 16. Rh3 {[%emt 0:07:26] [#] Zielt auf Rg3 ab.} (16. Rdf1 $5) 16... e4 $1 17. Qxe4 (17. Qf4 Qxf4) 17... Rae8 {[%emt 0:00:16][%cal Ba8e8,Be8e2,Be2c2][%mdl 32] Wehrt d4 ab} 18. Qf4 Qxf4 19. exf4 Nd4 {[%emt 0:01:03] Es drohte Bb5} 20. Rf1 Re2 21. c3 Nf5 ({Vorzuziehen ist} 21... b5 $17 22. cxd4 bxc4 23. dxc4 Rxg2) 22. Bd5 $15 Ne3 23. Bf3 Rc2+ 24. Kb1 Rd2 25. Rg1 Re8 (25... Rxd3 $2 26. Be2 Nxg2 (26... Rfd8 $2 27. Bxd3 Rxd3 28. Re1 $18) 27. Rxd3 $18 (27. Bxd3 Nxf4 28. Rf3 Nxd3 $18)) 26. Bxb7 Nd1 (26... Ng4 $15 {ist überlegen.} 27. Be4 Nf2) 27. Kc1 $1 $11 {[%emt 0:01:18][%csl LRd1,LRd2] Die Stellung ist ausgeglichen.} Ree2 {[%emt 0:02:17] Und ...Nf2 würde nun gewinnen.} 28. Bf3 (28. Rxd1 $2 {zu gefräßig.} Rc2+ (28... Rxb2 29. Re1 $11) 29. Kb1 Rxb2+ 30. Ka1 Ra2+ (30... Rxb7 $2 31. Rg1 $19) 31. Kb1 Rab2+ (31... Rxa3 32. Bd5 $16) 32. Ka1 Rxb7 $19) 28... Rc2+ 29. Kxd1 Rcd2+ 30. Kc1 Rc2+ 31. Kd1 Rcd2+ 32. Kc1 {Gewichteter Fehlerwert: Weiß=0.12 (sehr präzise) /Schwarz=0.10 (sehr präzise) .  Fehler:       	Weiß=1     	Schwarz=3     Ungenau:       	Weiß=2     	---        OK:         	Weiß=11    	Schwarz=13    Bester:       	Weiß=3     	Schwarz=2} 1/2-1/2

[Event "Polish Ekstraliga 2024"]
[Site "Walbrzych"]
[Date "2024.10.08"]
[Round "2.20"]
[White "Kuzmicz, Krystian"]
[Black "Navara, David"]
[Result "1/2-1/2"]
[ECO "B22"]
[WhiteElo "2471"]
[BlackElo "2683"]
[Annotator "TA"]
[PlyCount "47"]
[EventDate "2024.10.05"]
[EventType "team-tourn"]
[EventCountry "POL"]
[SourceTitle "playchess.com"]
[Source "ChessBase"]
[SourceQuality "1"]
[WhiteTeam "Wisznia Mala"]
[BlackTeam "Katowice"]
[TimeControl "40/5400+30:1800+30"]

1. e4 c5 2. c3 Nf6 3. e5 Nd5 4. d4 cxd4 5. Nf3 Nc6 6. cxd4 d6 7. Bc4 dxe5 8. dxe5 Ndb4 9. O-O Qxd1 10. Rxd1 Bg4 {[%emt 0:01:20] aiming for ...Nc2.} 11. Nc3 Bxf3 12. gxf3 $40 {[%emt 0:00:06][%mdl 128] White has some attack.} Nxe5 13. Bb3 {[%emt 0:05:32][%cal Bc4b3,Bb3a4,Ba4c6][%mdl 32] Black must now prevent Ba4+. A strong pair of Bishops.} Nbc6 14. Nb5 $1 {[%emt 0:35:18][%mdl 1024] White has compensation.} Rc8 {[%emt 0:00:23][%cal Oa7a6] Inhibits Nc7+.} (14... Nxf3+ $2 15. Kg2 Rc8 (15... Nh4+ $2 16. Kh3 $18) 16. Kxf3 $18) 15. Ba4 a6 (15... Nxf3+ 16. Kg2 Nfe5 17. Nxa7 $18) 16. Na7 Rd8 {[%emt 0:24:26] Strongly threatening ...Rxd1+.} 17. Bf4 Nxf3+ {[%emt 0:11:48] [#]} (17... Rd4 $1 $11 18. Nxc6 (18. Rxd4 Nxf3+ 19. Kh1 Nfxd4 $11) (18. Bxe5 Rxa4 19. Bc7 f6 $11) (18. Bxc6+ Nxc6 19. Nxc6 Rxd1+ 20. Rxd1 bxc6 $16) 18... Rxd1+ 19. Rxd1 Nxc6) 18. Kg2 $1 $16 e5 19. Nxc6 (19. Bxc6+ bxc6 20. Rxd8+ (20. Kxf3 exf4 21. Nxc6 Rd6 $16) 20... Kxd8 21. Nxc6+ Kd7 22. Nxe5+ Nxe5 23. Bxe5 f6 24. Rd1+ Ke6 $11) 19... bxc6 {[%emt 0:00:43] [#]} 20. Bxc6+ (20. Bg3 $1 $16 Rxd1 21. Rxd1) 20... Ke7 $14 21. Kxf3 {[%emt 0:02:16] The position is equal.} exf4 22. Ba4 Rxd1 23. Rxd1 g5 24. Rd5 {[%emt 0:06:03] Weighted Error Value: White=0.05 (flawless) /Black=0.08 (flawless) .  Mistake:       	White=1     	Black=1      Inaccurate:     	---       	Black=1      OK:         	White=4     	Black=10     Best:        	White=2     	Black=1      Strong:       	White=2     	---} 1/2-1/2

[Event "Polish Ekstraliga 2024"]
[Site "Walbrzych"]
[Date "2024.10.08"]
[Round "2.21"]
[White "Socko, Bartosz"]
[Black "Butkiewicz, Lukasz"]
[Result "1-0"]
[ECO "E20"]
[WhiteElo "2554"]
[BlackElo "2334"]
[Annotator "TA"]
[PlyCount "99"]
[EventDate "2024.10.05"]
[EventType "team-tourn"]
[EventCountry "POL"]
[SourceTitle "playchess.com"]
[Source "ChessBase"]
[SourceQuality "1"]
[WhiteTeam "Katowice"]
[BlackTeam "Wisznia Mala"]
[TimeControl "40/5400+30:1800+30"]

1. d4 Nf6 2. c4 e6 3. Nc3 Bb4 4. Bd2 O-O 5. Nf3 b6 6. e3 Bb7 7. Rc1 d6 8. Be2 Nbd7 9. O-O Qe7 10. a3 Bxc3 11. Bxc3 Ne4 12. b4 Nxc3 13. Rxc3 a5 14. b5 {The position is equal.} e5 15. Ne1 Rfe8 16. Bf3 Bxf3 17. Nxf3 h6 18. h3 Qf6 19. dxe5 Nxe5 20. Nd4 Nd7 21. Rc2 Nc5 22. Ne2 Qf5 23. Nf4 Rac8 24. Nd5 Kf8 25. Rd2 Ne6 26. Qe2 Qg6 27. Kh2 f5 (27... Nc5 $11 {keeps the balance.}) 28. g4 $1 $16 Qf7 29. gxf5 {[%emt 0:13:54] White has more active pieces.} Qxf5 30. e4 Qf7 31. f4 Nc5 32. e5 Re6 {[%emt 0:01:00] [#]} (32... Rcd8 $16 {was worth a try.}) 33. Qg4 $1 $18 {[%emt 0:01:45] f5 is the strong threat.} Rce8 (33... c6 $142) 34. Rg2 h5 35. Qg3 {[%emt 0:01:46] And now Rfg1 would win.} h4 36. Qxh4 Rh6 37. Qg4 Ree6 38. Rfg1 Rhg6 39. Qh4 (39. Qxg6 Rxg6 40. Rxg6 Ne6 $11) 39... Rh6 {[%emt 0:00:06] Prevents Rxg6} 40. Qg4 (40. Qd8+ Re8 41. Qg5 (41. Qxc7 $2 Rxh3+ 42. Kxh3 Qh5+ 43. Kg3 Ne4#) 41... Ne6 $18) 40... Rhg6 $1 41. Qh4 (41. Qxg6 Rxg6 42. Rxg6 Ne6 $11) (41. Qe2 $142 {Strongly threatening Rxg6.} Rxg2+ 42. Rxg2) 41... Rh6 {[%emt 0:05:45] Prevents Rxg6} 42. Qd8+ Re8 {[%emt 0:00:08] [#]} 43. Qg5 (43. Qxc7 $2 {is a self mate.} Rxh3+ 44. Kxh3 Qh5+ 45. Kg3 Ne4#) 43... Ne6 44. Qg4 {[%emt 0:00:36] Black must now prevent f5.} Rh5 (44... Nd4) 45. exd6 cxd6 46. Re1 (46. Nxb6 Qxf4+ 47. Qg3 (47. Qxf4+ Nxf4 48. Rf1 g5 $16) 47... Qxg3+ 48. Rxg3 g5 $18) 46... Rf5 (46... Rh6 $142 47. Rg3 (47. Nxb6 g6 $18) 47... g6) 47. Rge2 {[%emt 0:02:21] White is clearly winning.} g6 48. Re4 g5 49. fxg5 {[%emt 0:01:02] Hoping for g6.} Rxg5 {[%emt 0:00:27] [#]} 50. Qxg5 $3 {[%emt 0:05:57][%mdl 512] Weighted Error Value: White=0.31/Black=0.33.  Mistake:       	White=1     	Black=5      Inaccurate:     	---       	Black=2      OK:         	White=23    	Black=15     Best:        	White=1     	Black=1      Strong:       	White=2     	Black=1} 1-0

[Event "Polish Ekstraliga 2024"]
[Site "Walbrzych"]
[Date "2024.10.08"]
[Round "2.22"]
[White "Luch, Michal"]
[Black "Klimkowski, Jan"]
[Result "0-1"]
[ECO "D04"]
[WhiteElo "2332"]
[BlackElo "2477"]
[Annotator "RC"]
[PlyCount "54"]
[EventDate "2024.10.05"]
[EventType "team-tourn"]
[EventCountry "POL"]
[SourceTitle "playchess.com"]
[Source "ChessBase"]
[SourceQuality "1"]
[WhiteTeam "Wisznia Mala"]
[BlackTeam "Katowice"]
[TimeControl "40/5400+30:1800+30"]

1. d4 Nf6 2. Nf3 d5 3. e3 c5 4. Nbd2 Nc6 5. dxc5 e6 6. a3 a5 7. b3 Bxc5 8. Bb2 O-O 9. Bb5 Qe7 10. O-O Bd6 11. e4 Nxe4 12. Nxe4 dxe4 13. Bxc6 bxc6 14. Qd4 f5 15. Ne5 c5 16. Qc3 Bb7 17. Rfd1 Bd5 18. a4 f4 19. Nc4 Bc7 20. Nd2 Rf5 21. Qh3 Rd8 22. Bc3 Qf7 23. Nc4 Qg6 24. Bxa5 Bxa5 25. Nxa5 Rh5 26. Qc3 f3 27. g3 Rxh2 0-1

[Event "Polish Ekstraliga 2024"]
[Site "Walbrzych"]
[Date "2024.10.08"]
[Round "2.23"]
[White "Seemann, Jakub"]
[Black "Skawinski, Arkadiusz"]
[Result "1-0"]
[ECO "C02"]
[WhiteElo "2489"]
[BlackElo "2333"]
[Annotator "TA"]
[PlyCount "105"]
[EventDate "2024.10.05"]
[EventType "team-tourn"]
[EventCountry "POL"]
[SourceTitle "playchess.com"]
[Source "ChessBase"]
[SourceQuality "1"]
[WhiteTeam "Katowice"]
[BlackTeam "Wisznia Mala"]
[TimeControl "40/5400+30:1800+30"]

1. e4 e6 2. d4 d5 3. e5 c5 4. c3 Nc6 5. Nf3 Bd7 6. Be2 Nge7 7. O-O Ng6 8. g3 f6 {[%emt 0:22:26] is recently more successful than 8...Be7. C02: French: Advance Variation.} 9. exf6 Qxf6 10. Na3 a6 $146 ({Predecessor:} 10... cxd4 11. Nb5 Rc8 12. Nbxd4 Nxd4 13. cxd4 Bd6 14. Bg5 Qf5 15. Bd3 Qh3 16. Be3 Qh5 {1-0 Kovanova,B (2309)-Petrukhina,O (2079) Ufa Penzina Memorial 2023 (7)}) 11. Nc2 cxd4 12. cxd4 Bd6 13. Ne3 O-O 14. Ng4 Qf5 15. Ng5 h5 16. f3 Nb4 (16... hxg4 $2 17. fxg4 $18) 17. a3 Qc2 $1 18. Ne3 Qxd1 19. Rxd1 Nc6 (19... Bb5 $14 20. Bxb5 axb5) 20. f4 $16 h4 21. Bg4 Rfe8 $2 (21... Nge7 $16) 22. Nxd5 $18 Rad8 23. Nc3 Bb8 24. Be3 Ba7 25. Bf2 Bc8 (25... hxg3 $142 26. hxg3 Nf8) 26. Ne2 (26. gxh4 Nxf4 27. d5 Bxf2+ 28. Kxf2 Ne5 29. Bxe6+ Bxe6 30. dxe6 Ned3+ 31. Kg1 Nxe6 $17) (26. Bh5 $142 Nce7 27. Re1 (27. gxh4 Rf8 $14) 27... Bxd4 28. Bxd4 (28. Nxe6 Bxf2+ 29. Kxf2 Rd2+ 30. Kg1 Rxb2 $16) 28... Rxd4 29. f5 (29. Nxe6 Rd3 $18)) 26... hxg3 $18 27. hxg3 Nge7 28. Kg2 ({But not} 28. Nxe6 $6 Rd6 $16) 28... Nf5 29. Bh5 Re7 (29... Rf8 $142 30. Bg6 Rf6 31. Bh7+ Kf8) 30. Bg6 b5 (30... Nh6 {is a better defense.} 31. Bh5 Bd7) 31. g4 $18 Nh6 32. Kg3 Rd6 33. Bh7+ Kf8 34. Be4 Nf7 35. Nf3 Bb8 (35... Bb7 {was worth a try.} 36. Kg2 b4) 36. Ne5 $18 Ncxe5 37. fxe5 Rd8 38. Be3 Bb7 39. Bxb7 Rxb7 40. Rac1 Nxe5 41. dxe5 Rxd1 42. Rxd1 Bxe5+ 43. Kf3 Bxb2 44. Bc5+ Kf7 45. Rd8 a5 46. Nf4 g6 47. Rf8+ Kg7 48. Nxe6+ Kh7 49. Rf4 b4 50. axb4 a4 $2 (50... axb4 51. Bxb4 (51. Rxb4 Rxb4 52. Bxb4 g5 $18) 51... Rb6 52. Ng5+ Kg8) 51. Rf8 $18 Bc3 52. Ra8 a3 53. g5 1-0

[Event "Polish Ekstraliga 2024"]
[Site "Walbrzych"]
[Date "2024.10.08"]
[Round "2.24"]
[White "Bartel, Marta"]
[Black "Socko, Monika"]
[Result "1/2-1/2"]
[ECO "A45"]
[WhiteElo "2214"]
[BlackElo "2419"]
[Annotator "RC"]
[PlyCount "44"]
[EventDate "2024.10.05"]
[EventType "team-tourn"]
[EventCountry "POL"]
[SourceTitle "playchess.com"]
[Source "ChessBase"]
[SourceQuality "1"]
[WhiteTeam "Wisznia Mala"]
[BlackTeam "Katowice"]
[TimeControl "40/5400+30:1800+30"]

1. d4 Nf6 2. Bg5 e6 3. e4 h6 4. Bxf6 Qxf6 5. c3 d6 6. Nf3 Nc6 7. Nbd2 g6 8. d5 Nb8 9. Bb5+ c6 10. Ba4 e5 11. dxc6 bxc6 12. Nc4 Be7 13. Na5 O-O 14. Nxc6 Nxc6 15. Bxc6 Rb8 16. b3 Bg4 17. Bd5 Rfc8 18. c4 a5 19. Rb1 Bd8 20. h3 Bxf3 21. Qxf3 Qxf3 22. gxf3 Bb6 1/2-1/2

[Event "Polish Ekstraliga 2024"]
[Site "Walbrzych"]
[Date "2024.10.08"]
[Round "2.25"]
[White "Svane, Rasmus"]
[Black "Sowinski, Pawel"]
[Result "1-0"]
[ECO "A06"]
[WhiteElo "2629"]
[BlackElo "2455"]
[Annotator "TA"]
[PlyCount "89"]
[EventDate "2024.10.05"]
[EventType "team-tourn"]
[EventCountry "POL"]
[SourceTitle "playchess.com"]
[Source "ChessBase"]
[SourceQuality "1"]
[WhiteTeam "Gliwice"]
[BlackTeam "Sedziszow Malopolski"]
[TimeControl "40/5400+30:1800+30"]

1. Nf3 d5 2. e3 Nf6 3. c4 e6 4. Nc3 a6 5. cxd5 exd5 6. g3 Be7 7. Bg2 O-O 8. O-O {[%emt 0:00:45] The position is equal.} c5 9. b3 Nc6 10. Bb2 d4 {[%emt 0:25:31] [#]} 11. Ne2 (11. Na4 $1 $16) 11... dxe3 12. dxe3 Bf5 13. Nf4 Qxd1 14. Rfxd1 Be4 15. Ne5 {[%emt 0:16:47] Nxc6 is the strong threat.} Bxg2 16. Kxg2 {[%emt 0:00:15] Nxc6 would now be deadly.} Nxe5 17. Bxe5 Rfd8 18. Rac1 Rac8 19. Bxf6 Bxf6 20. Nd5 Re8 21. Nxf6+ gxf6 $16 {[%emt 0:00:18][%mdl 4096] Endgame. KRR-KRR} 22. Kf3 Rc6 23. Rd7 b5 24. Rb7 {[%emt 0:03:24] White is more active.} c4 25. bxc4 bxc4 26. Rc3 Re5 27. Rb4 Rf5+ 28. Ke2 Rfc5 29. e4 Rc7 30. Ke3 R5c6 31. Kd4 (31. g4 $16) 31... Rd6+ (31... Rd7+ $11 32. Ke3 Rdc7) 32. Ke3 Rdc6 33. g4 Kg7 34. Ra4 Rc8 35. h4 R8c7 36. f3 Rc8 37. Ra5 Rb8 38. Kd4 Rb1 39. Rc5 (39. Rxc4 $2 Rd1+ 40. Ke3 Rxc4 $19) 39... Rcb6 (39... Rxc5 $16 {was necessary.} 40. Kxc5 h5) 40. R5xc4 (40. Kxc4 $6 R6b4+ 41. Kd3 Ra4 $14) 40... Ra1 41. Ra4 Rb2 42. Rca3 ({Don't play} 42. Rxa6 $6 Rbxa2 43. Rxa2 Rxa2 $14) 42... Rh2 (42... Re1 $142 43. Rb3 (43. Rxa6 Ree2 $16) 43... Rd2+ 44. Rd3 Rde2 45. Rxa6 h5) 43. h5 $18 (43. Rxa6 Rd1+ 44. Ke3 h5) 43... Re1 44. Rxa6 Ree2 45. R3a5 {[%emt 0:03:56] Weighted Error Value: White=0.10 (very precise) /Black=0.21 (precise) .  Mistake:       	White=2     	Black=3      Inaccurate:     	White=3     	Black=7      OK:         	White=15    	Black=9      Best:        	White=1     	Black=3} 1-0

[Event "Polish Ekstraliga 2024"]
[Site "Walbrzych"]
[Date "2024.10.08"]
[Round "2.26"]
[White "Sernecki, Franciszek"]
[Black "Tomczak, Jacek"]
[Result "1/2-1/2"]
[ECO "D92"]
[WhiteElo "2335"]
[BlackElo "2584"]
[Annotator "TA"]
[PlyCount "50"]
[EventDate "2024.10.05"]
[EventType "team-tourn"]
[EventCountry "POL"]
[SourceTitle "playchess.com"]
[Source "ChessBase"]
[SourceQuality "1"]
[WhiteTeam "Sedziszow Malopolski"]
[BlackTeam "Gliwice"]
[TimeControl "40/5400+30:1800+30"]

1. d4 Nf6 2. c4 g6 3. Nc3 d5 4. Nf3 Bg7 5. Bf4 O-O 6. Rc1 Bg4 7. e3 c5 8. dxc5 Bxf3 {[%emt 0:00:21] White is slightly better.} 9. Qxf3 Ne4 $1 10. cxd5 Bxc3+ 11. bxc3 ({But not} 11. Rxc3 Nxc3 12. bxc3 Qa5 $17) 11... Qxd5 12. Rd1 {[%emt 0:05:38][%cal Bc1d1,Bd1d5,Bd5d7][%mdl 32] Dodges Qd2+} Qc6 13. Bh6 Rc8 {[%emt 0:00:27] The position is equal.} 14. Bc4 $132 {[%mdl 2048] White puts up resistance} Nf6 $1 {A dynamic duo of knights.} 15. Bd5 Nxd5 16. Rxd5 Nd7 17. O-O Nxc5 18. Rfd1 Ne6 19. Rd7 Qxf3 20. gxf3 Rd8 21. e4 f6 22. Bc1 Rac8 23. Ba3 {[%emt 0:02:32] next Rxd8+ is good for White.} Rxd7 24. Rxd7 Rxc3 25. Bxe7 g5 {[%emt 0:27:33] Weighted Error Value: White=0.04 (flawless) /Black=0.02 (flawless) .  Inaccurate:     	White=1     	---        OK:         	White=9     	Black=13     Best:        	White=1     	Black=1      Strong:       	---       	Black=2} 1/2-1/2

[Event "Polish Ekstraliga 2024"]
[Site "Walbrzych"]
[Date "2024.10.08"]
[Round "2.27"]
[White "Laurusas, Tomas"]
[Black "Toczek, Grzegorz"]
[Result "1-0"]
[ECO "D90"]
[WhiteElo "2573"]
[BlackElo "2267"]
[Annotator "TA"]
[PlyCount "63"]
[EventDate "2024.10.05"]
[EventType "team-tourn"]
[EventCountry "POL"]
[SourceTitle "playchess.com"]
[Source "ChessBase"]
[SourceQuality "1"]
[WhiteTeam "Gliwice"]
[BlackTeam "Sedziszow Malopolski"]
[TimeControl "40/5400+30:1800+30"]

1. d4 Nf6 2. c4 g6 3. Nc3 d5 4. Nf3 Bg7 5. Qa4+ c6 6. cxd5 Nxd5 7. e4 Nxc3 8. bxc3 O-O 9. Qa3 Nd7 10. Be2 e5 {[%emt 0:00:51] The position is equal.} 11. O-O Re8 12. Bg5 Bf6 13. Bxf6 Qxf6 14. Rfe1 exd4 15. cxd4 Nf8 ({Reject} 15... Rxe4 $6 16. Bc4 Rxe1+ 17. Rxe1 $18) 16. Bf1 a5 17. Rac1 Be6 18. Qb2 Rab8 19. Re3 Bd7 20. Nd2 Qd8 21. e5 f5 {[%emt 0:00:34] Inhibits Ne4.} (21... Be6 $142) 22. Nc4 $16 {[%emt 0:00:33] White is much more active.} Be6 23. Nd6 Re7 24. h3 $36 {[%emt 0:03:03][%mdl 2048] White has strong initiative.} Bd5 25. Bc4 Bxc4 26. Rxc4 Ne6 27. Rb3 Qd7 28. Rb6 Nd8 29. Qa3 Ra8 30. Ra4 Qc7 31. Rxa5 Qxb6 {[%emt 0:00:19] [#]} (31... Rxa5 32. Qxa5 h5) 32. Rxa8 {[%emt 0:00:06] Weighted Error Value: White=0.06 (flawless) /Black=0.22 (precise) .  Mistake:       	---       	Black=2      Inaccurate:     	White=3     	Black=4      OK:         	White=14    	Black=6      Best:        	White=1     	Black=1} 1-0